 Dungeon Crawl Stone Soup version 0.31-a0-981-geadf994542 (webtiles) character file.

Game seed: 18034512595119580917

1803134 Persephone the Exorcist (level 25, 193/250 HPs)
             Began as a Hill Orc Fighter on Nov 1, 2023.
             Was an Elder of the Shining One.
             Escaped with the Orb
             ... and 3 runes!
             The game lasted 02:14:37 (55951 turns).

Persephone the Exorcist (Hill Orc Fighter)         Turns: 55951, Time: 02:14:37

Health: 193/250    AC: 39    Str: 30    XL:     25   Next: 87%
Magic:  32/32      EV: 12    Int: 11    God:    the Shining One [****..]
Gold:   788        SH: 47    Dex: 14    Spells: 24/24 levels left

rFire   + + .        b - +9 broad axe (elec)
rCold   + . .        R - +4 tower shield {AC+3}
rNeg    + + +        t - +0 gold dragon scales
rPois   +            U - +2 hat {Int+3}
rElec   +            e - +2 cloak {rCorr}
rCorr   +            r - +0 pair of gloves {hurl}
SInv    .            Y - +2 pair of boots {rampage}
Will    ++++.        i - amulet of reflection Stlth
                     O - ring of Bepegg {rPois rF+ rN+ Stlth+}
HPRegen 0.61/turn    k - ring of Xom's Malicious Joy {*Corrode rElec Will+++ EV+5 Str+3}
MPRegen 0.23/turn

%: corrode self (3%), reflection, rampage
@: divinely shielded, glowing, studying Stealth
A: low MP 2, mutation resistance 1
0: Orb of Zot
}: 3/15 runes: decaying, serpentine, silver
a: Renounce Religion, Divine Shield, Cleansing Flame


You escaped.
You worshipped the Shining One.
The Shining One was greatly pleased with you.
You visited 9 branches of the dungeon, and saw 46 of its levels.

You collected 7742 gold pieces.
You spent 6954 gold pieces at shops.

Inventory:

Hand Weapons
 b - a +9 broad axe of electrocution (weapon)
 o - a +6 broad axe of flaming
Missiles
 p - 3 silver javelins
 H - 2 javelins
 I - 4 poisoned darts (quivered)
Armour
 e - a +2 cloak of preservation (worn)
 r - a +0 pair of gloves of hurling (worn)
 t - +0 gold dragon scales (worn)
 F - the +0 chain mail "Kulu Coe" {+Blink Will+ Str+4}
   (You bought it in a shop on level 5 of the Vaults)

   Str+4:     It affects your strength (+4).
   Will+:     It increases your willpower.
   +Blink:    It lets you blink.
 R - a +4 tower shield of protection (worn)
 U - a +2 hat of intelligence (worn)
 X - the +5 plate armour "Jiyxtemy" {Str+4}
   (You bought it in a shop on level 2 of the Orcish Mines)

   Str+4:     It affects your strength (+4).
 Y - a +2 pair of boots of rampaging (worn)
 Z - the +0 helmet of the Moon {Drain +Blink Int-5 Dex+4}
   (You bought it in a shop on level 11 of the Dungeon)

   Int-5:     It affects your intelligence (-5).
   Dex+4:     It affects your dexterity (+4).
   +Blink:    It lets you blink.
   Drain:     It drains your maximum health when unequipped.
Jewellery
 i - an amulet of reflection (around neck)
 k - the ring of Xom's Malicious Joy (right hand) {*Corrode rElec Will+++ EV+5 Str+3}
   (You bought it in a shop on level 2 of the Snake Pit)

   [ring of evasion]

   EV+5:      It affects your evasion (+5).
   Str+3:     It affects your strength (+3).
   rElec:     It insulates you from electricity.
   Will+++:   It greatly increases your willpower.
   *Corrode:  It may corrode you when you take damage.
 A - a ring of protection from cold
 E - the ring of Mys Vuimn {rElec rC+ Will+ Slay+4 SInv}
   (You bought it in a shop on level 2 of the Orcish Mines)

   [ring of willpower]

   Slay+4:    It affects your accuracy & damage with ranged weapons and melee
   (+4).
   rC+:       It protects you from cold.
   rElec:     It insulates you from electricity.
   Will+:     It increases your willpower.
   SInv:      It lets you see invisible.
 O - the ring of Bepegg (left hand) {rPois rF+ rN+ Stlth+}
   (You bought it in a shop on level 3 of the Snake Pit)

   [ring of poison resistance]

   rF+:       It protects you from fire.
   rPois:     It protects you from poison rN+: It protects you from negative
   energy.
   Stlth+:    It makes you more stealthy.
Wands
 a - a wand of polymorph (13)
 m - a wand of acid (32)
 y - a wand of iceblast (38)
 N - a wand of mindburst (30)
 Q - a wand of charming (45)
Scrolls
 c - 2 scrolls of enchant armour
 f - 9 scrolls of teleportation
 w - 2 scrolls of enchant weapon
 z - 5 scrolls of poison
 B - 10 scrolls of amnesia
 C - 6 scrolls of revelation
 K - a scroll of brand weapon
 L - a scroll of immolation
Potions
 d - 9 potions of enlightenment
 g - 6 potions of magic
 l - 7 potions of degeneration
 q - 3 potions of might
 s - 7 potions of brilliance
 v - 2 potions of mutation
 G - 3 potions of attraction
 J - 3 potions of invisibility
 W - 7 potions of lignification
Miscellaneous
 x - a sack of spiders


   Skills:
 + Level 25.2 Fighting
 - Level 19.4 Axes
 - Level 12.0 Throwing
 + Level 23.4 Armour
 + Level 21.6 Shields
 + Level 26.9 Invocations


You had 24 spell levels left.
You didn't know any spells.
Your spell library contained the following spells:

 Spells                   Type           Power      Damage    Failure   Level
 Apportation              Tloc           0%         N/A       98%         1
 Freeze                   Ice            0%         1d3       98%         1
 Magic Dart               Conj           0%         1d3       98%         1
 Necrotise                Necr           0%         1d4       98%         1
 Sting                    Tmut/Pois      0%         1d3       98%         1
 Summon Small Mammal      Summ           0%         N/A       98%         1
 Blink                    Tloc           0%         N/A       99%         2
 Lesser Beckoning         Tloc           0%         N/A       99%         2
 Momentum Strike          Conj/Tloc      0%         3d8       99%         2
 Poisonous Vapours        Pois/Air       0%         N/A       99%         2
 Scorch                   Fire           0%         2d5       99%         2
 Searing Ray              Conj           0%         2d4       99%         2
 Wereblood                Tmut           0%         N/A       99%         2
 Frozen Ramparts          Ice            0%         1d1       100%        3
 Gell's Gravitas          Tloc           0%         N/A       100%        3
 Hailstorm                Conj/Ice       0%         3d3       100%        3
 Mephitic Cloud           Conj/Pois/Air  0%         N/A       100%        3
 Ozocubu's Armour         Ice            0%         N/A       100%        3
 Stone Arrow              Conj/Erth      0%         3d7       100%        3
 Summon Guardian Golem    Hex/Summ       0%         N/A       100%        3
 Teleport Other           Tloc           0%         N/A       100%        3
 Tukima's Dance           Hex            0%         N/A       100%        3
 Animate Armour           Summ/Erth      0%         N/A       100%        4
 Dimensional Bullseye     Hex/Tloc       0%         N/A       100%        4
 Flame Wave               Conj/Fire      0%         2d4       100%        4
 Fulminant Prism          Conj/Hex       0%         3d5       100%        4
 Iskenderun's Mystic Bla  Conj/Tloc      0%         2d3       100%        4
 Olgreb's Toxic Radiance  Pois           0%         N/A       100%        4
 Passage of Golubria      Tloc           0%         N/A       100%        4
 Petrify                  Tmut/Erth      0%         N/A       100%        4
 Summon Lightning Spire   Summ/Air       0%         N/A       100%        4
 Freezing Cloud           Conj/Ice/Air   0%         6-21      100%        5
 Irradiate                Conj/Tmut      0%         3d11      100%        5
 Metabolic Englaciation   Hex/Ice        0%         N/A       100%        5
 Silence                  Hex/Air        0%         N/A       100%        5
 Summon Forest            Summ/Tloc      0%         N/A       100%        5
 Summon Mana Viper        Hex/Summ       0%         N/A       100%        5
 Yara's Violent Unravell  Hex/Tmut       0%         3d3       100%        5
 Dispersal                Tloc           0%         N/A       100%        6
 Simulacrum               Ice/Necr       0%         N/A       100%        6
 Summon Cactus Giant      Summ           0%         N/A       100%        6
 Orb of Destruction       Conj           0%         9d5       100%        7
 Spellforged Servitor     Conj/Summ      0%         N/A       100%        7
 Lehudib's Crystal Spear  Conj/Erth      0%         10d2      100%        8


Dungeon Overview and Level Annotations

Branches:
Dungeon (15/15)            Temple (0/1) D:5            Lair (5/5) D:11
  Swamp (4/4) Lair:3        Snake (4/4) Lair:2        Slime (0/5) Lair:5
    Orc (2/2) D:12            Elf (2/3) Orc:2        Vaults (5/5) D:14
  Crypt (0/3) Vaults:2     Depths (4/4) D:15            Zot (5/5) Depths:4

Altars:
Cheibriados
Dithmenos
Fedhas
Gozag
Hepliaklqana
Kikubaaqudgha
Qazlal
Ru
Sif Muna
The Shining One
Beogh
Jiyva

Shops:
D:2 :   D:3 =   D:10 (   D:11 [   Orc:2 =(*[?   Elf:1 =([:   Elf:2 *
Snake:1 (   Snake:2 :[=   Snake:3 =::**   Vaults:1 ?   Vaults:5 [*!

Portals:
Hell: Depths:1 Depths:2 Depths:3 Depths:4
Abyss: Depths:3
Pandemonium: Depths:1 Depths:2
Ziggurat: Depths:2
Trove: D:12 (show slimy rune of Zot)

Annotations:
Depths:3 2 transporters, Dordric's ghost, adept GrFi


Innate Abilities, Weirdness & Mutations

Your magical capacity is very low. (-20% MP)
You are somewhat resistant to further mutation.


Message History

You feel the Orb delaying your translocation!
Your surroundings suddenly seem different.
You feel protected.
A sixfirhy comes into view.
You block the sixfirhy's attack. The sixfirhy barely misses you.
You block the sixfirhy's attack. x4
The sixfirhy attacks as it pursues you! You block the sixfirhy's attack.
You open the door. You block the sixfirhy's attack.
The sixfirhy attacks as it pursues you! You block the sixfirhy's attack.
The sixfirhy misses you. The sixfirhy closely misses you.
You block the sixfirhy's attack.
There is an open door here.
You start to feel less resistant.
The sixfirhy attacks as it pursues you! You block the sixfirhy's attack. x2
You block the sixfirhy's attack. x2; The sixfirhy barely misses you.
You block the sixfirhy's attack.
Your resistance to elements expires.
You block the sixfirhy's attack. x2; The sixfirhy barely misses you.
The sixfirhy closely misses you.
You open the door.
There is an open door here.
The sixfirhy attacks as it pursues you! The sixfirhy misses you.
You block the sixfirhy's attack. x3
You block the sixfirhy's attack.
The sixfirhy hits you but does no damage.
There is a stone staircase leading down here.
Your shield is strengthened by the Shining One's divine power.
You block the sixfirhy's attack. x3
You block the sixfirhy's attack. The sixfirhy misses you.
You block the sixfirhy's attack. x2
You block the sixfirhy's attack. x2
You block the sixfirhy's attack. x2
The sixfirhy attacks as it pursues you! You block the sixfirhy's attack. x2
The sixfirhy misses you. You block the sixfirhy's attack. x2
The sixfirhy hits you but does no damage.
You block the sixfirhy's attack.
There is a staircase leading out of the dungeon here.
You block the sixfirhy's attack. x2
You have escaped!

#.....>..'.........'.............
#.#..3####.........####...#.###.#
#.......##........## #..##.###.#
###.###.##.#.....## #.........#
#.###.##.####### #####.#####
#.....##.#...# #.# #
#....#####.>.#### #.#
#...............# #.#
#...##.......3@.# #.#
###.............# #.#
#######################.#
###.##...##..........#
#.....#.###.##########
#.#.#.#.##...# #.#..........#
#.###.#.##...# #.###.#.######


You could see a sixfirhy.

Vanquished Creatures
  3 orbs of fire (Zot:5)
  A dread lich (Zot:5)
  4 ancient liches
  A shard shrike (Zot:5)
  A Killer Klown (Zot:5)
  6 golden dragons
  2 electric golems
  the Enchantress (Depths:4)
  Nikola (Snake:2)
  A bone dragon (Vaults:2)
  The ghost of Qualigex the Executioner, an adept HOFi of Gozag (Snake:3)
  A Brimstone Fiend (Depths:1)
  A hellephant (Depths:1)
  9 tentacled monstrosities
  25 Orb Guardians
  Mlioglotl (Swamp:4)
  3 liches
  A walking crystal tome (Depths:3)
  Rupert (D:14)
  5 quicksilver dragons
  2 walking earthen tomes (Depths:3)
  7 titans
  5 sphinxes
  2 death cobs
  Frances (Snake:2)
  A thorn hunter (Swamp:3)
  A shadow dragon (Vaults:5)
  4 tengu reavers
  2 draconian monks
  Aizul (Snake:1)
  7 nagarajas
  15 fire giants
  12 storm dragons
  26 vault wardens
  3 draconian knights
  11 frost giants
  A balrug (Depths:1)
  3 deep elf sorcerers
  4 ghost moths
  Louise (Depths:3)
  2 fenstrider witches
  4 draconian scorchers
  4 iron dragons
  4 spriggan defenders
  3 war gargoyles (Vaults:5)
  2 formless jellyfish (Vaults:4)
  3 orc warlords
  13 very ugly things
  20 stone giants
  2 ghouls (Swamp:3)
  4 draconian stormcallers
  12 ironbound preservers
  8 ironbound thunderhulks
  5 vampire knights
  A juggernaut skeleton (Depths:1)
  3 eleionomae (Swamp:1)
  5 green draconians
  5 bunyips
  3 black draconians
  6 dire elephants
  7 white draconians
  A lorocyproca (Depths:2)
  5 red draconians
  7 purple draconians
  3 deep elf demonologists
  4 deep elf annihilators
  A bunyip (shapeshifter) (Depths:4)
  8 yellow draconians
  Snorg (Orc:1)
  10 ettins
  2 deep elf death magi
  Josephine (D:15)
  A crystal guardian (Vaults:2)
  A shambling mangrove (Swamp:4)
  8 fire dragons
  An entropy weaver (Vaults:4)
  9 deep elf high priests
  10 yaktaur captains
  A salamander tyrant (Depths:4)
  34 vault guards
  6 ice dragons
  2 hell beasts
  7 great orbs of eyes
  3 peacekeepers
  3 ghost crabs
  6 catoblepae
  19 hydras
  6 ironbound frosthearts
  8 spriggan air magi
  9 boulder beetles
  14 centaur warriors
  3 ogre magi
  11 anacondas
  4 alligators
  Erica (Lair:2)
  11 two-headed ogres
  34 dancing weapons
  6 tengu warriors
  7 deep troll shamans
  7 naga warriors
  2 hell hogs (Depths:1)
  A sphinx skeleton (Depths:2)
  5 death yaks (Lair:5)
  A death yak (shapeshifter) (Vaults:5)
  5 orc high priests
  10 shock serpents
  An occultist (Depths:1)
  13 naga sharpshooters
  5 deep troll earth magi
  6 spriggan berserkers
  A shock serpent (shapeshifter) (Zot:4)
  5 sun demons
  A titan skeleton (Depths:1)
  8 hell knights
  9 deep elf knights
  A shadow wraith (Vaults:5)
  4 skeletal warriors (D:14)
  2 skysharks
  36 deep trolls
  4 spriggan druids
  10 iron trolls
  3 salamander mystics
  5 goliath frogs
  A sea snake (shapeshifter) (Vaults:5)
  5 sea snakes
  2 glowing orange brains (shapeshifter)
  An obsidian statue (Snake:3)
  5 bog bodies
  3 glowing orange brains
  A wolf spider zombie (D:14)
  22 ironbound convokers
  A shadow demon (Depths:2)
  13 swamp dragons
  10 deep elf archers
  10 naga ritualists
  2 spriggan simulacra (D:15)
  9 arcanists
  9 lindwurms
  5 orc knights
  A harpy (shapeshifter) (Elf:1)
  17 deep elf zephyrmancers
  10 phantasmal warriors
  10 necromancers
  13 deep elf pyromancers
  42 ugly things
  A wolf spider (D:11)
  5 manticores
  4 cyclopes
  3 will-o-the-wisps
  13 mana vipers
  5 orc sorcerers
  10 salamanders
  6 centaur zombies (D:14)
  3 fire giant zombies
  A frost giant skeleton (Depths:2)
  7 moths of wrath
  Joseph (D:7)
  4 guardian serpents (Snake:4)
  34 black mambas
  A toenail golem (Zot:5)
  10 naga magi
  9 vault sentinels
  A fire giant skeleton (Depths:2)
  16 cane toads
  8 elephants
  2 smoke demons (Depths:4)
  An unseen horror (D:13)
  Maggie (D:7)
  A hellion (Depths:4)
  A gargoyle (D:11)
  Psyche (D:8)
  An efreet (D:14)
  6 rime drakes
  An anaconda simulacrum (D:15)
  7 komodo dragons
  3 tengu conjurers
  A freezing wraith (Vaults:5)
  24 yaktaurs
  A tormentor (Depths:2)
  A human skeleton (Vaults:4)
  6 trolls
  A tarantella (shapeshifter) (D:15)
  A tengu simulacrum (Vaults:4)
  An alligator simulacrum (D:15)
  A deep troll zombie (Vaults:4)
  12 tyrant leeches
  2 glass eyes
  19 hornets
  16 dream sheep (Lair:5)
  29 blink frogs
  22 slime creatures
  2 air elementals (Elf:2)
  4 shadows
  A spriggan skeleton (Depths:1)
  7 wraiths
  15 spriggans
  4 wyverns
  6 basilisks
  A vampire (D:14)
  4 fire bats (Depths:4)
  4 water elementals
  A hog (shapeshifter) (D:15)
  18 humans (D:14)
  2 golden eyes (Depths:2)
  2 fire elementals
  A redback (Vaults:4)
  Grum (D:8)
  55 yaks
  A human simulacrum (Vaults:1)
  25 vampire mosquitoes
  A minotaur simulacrum (D:15)
  Edmund (D:5)
  38 nagas
  2 acid dragons
  3 wargs
  13 swamp worms
  20 water moccasins
  12 swamp drakes
  An ice beast (D:6)
  A glowing shapeshifter skeleton (Depths:2)
  17 orc warriors
  2 sky beasts
  3 black bears
  6 ogres
  15 centaurs
  28 wolves
  3 phantoms
  3 boggarts (D:14)
  2 kobold brigands (D:12)
  6 earth elementals
  3 gnoll sergeants
  10 bullfrogs
  2 deep troll simulacra (D:15)
  3 scorpions
  18 wights
  A tengu zombie (Depths:1)
  A lindwurm simulacrum (D:15)
  6 howler monkeys
  3 electric eels
  3 lava snakes (Lair:2)
  5 hounds
  6 jellies (Lair:5)
  26 orc priests
  A sleepcap (D:7)
  A boggart zombie (D:14)
  2 iguanas
  25 orc wizards
  9 gnolls
  5 adders
  A shadow imp (D:6)
  2 white imps
  An ufetubus (Vaults:1)
  6 worms
  A worm (shapeshifter) (Vaults:5)
  3 dart slugs
  65 orcs
  4 ball pythons
  6 bats
  4 endoplasms
  5 giant cockroaches
  7 goblins
  7 hobgoblins
  5 jackals (D:1)
  14 kobolds
  A quokka (D:3)
  5 frilled lizards
  4 rats
  2 ball lightnings (Depths:2)
1807 creatures vanquished.

Vanquished Creatures (collateral kills)
  A Killer Klown (Zot:4)
  2 nagarajas (Snake:4)
  A draconian knight (Zot:5)
  A green draconian (Zot:4)
  A naga sharpshooter (Snake:4)
  2 naga warriors
  A sea snake (Snake:4)
  A moth of wrath (Zot:5)
  A guardian serpent (Snake:4)
  A spriggan (Swamp:4)
12 creatures vanquished.

Vanquished Creatures (others)
  The ghost of Xavori the Warrior, a master DjCK of Xom (Depths:2)
  A death cob (Zot:5)
  A draconian stormcaller (Zot:5)
  A hydra (Swamp:4)
  A deep elf pyromancer (Vaults:5)
  2 bloated husks
  A small abomination (D:13)
  A fire elemental (Elf:2)
  A swamp worm (Swamp:4)
  7 ball lightnings (Depths:2)
  8 foxfires
25 creatures vanquished.

Grand Total: 1844 creatures vanquished

Notes
Turn   | Place    | Note
-------+----------+-------------------------------------------
     0 | D:1      | Persephone the Hill Orc Fighter began the quest for the
                  | Orb.
     0 | D:1      | Reached XP level 1. HP: 19/19 MP: 1/1
   165 | D:1      | Reached XP level 2. HP: 26/26 MP: 2/2
   503 | D:1      | Reached XP level 3. HP: 31/31 MP: 3/3
   852 | D:2      | Reached skill level 5 in Axes
  1188 | D:2      | Found Edeocede's Book Emporium.
  1382 | D:2      | Found a shimmering blue altar of Sif Muna.
  1426 | D:2      | Reached XP level 4. HP: 34/39 MP: 4/4
  1798 | D:3      | Found Omyuzyjo's Jewellery Shoppe.
  1988 | D:3      | Found a stormy altar of Qazlal.
  2124 | D:3      | Found a glowing golden altar of the Shining One.
  2324 | D:3      | Found an ancient bone altar of Kikubaaqudgha.
  2433 | D:3      | Found a shimmering blue altar of Sif Muna.
  2487 | D:3      | Became a worshipper of the Shining One
  2740 | D:4      | You fall into a shaft and drop 1 floor!
  2740 | D:5      | Entered Level 5 of the Dungeon
  2748 | D:5      | Noticed Edmund
  2749 | D:5      | Noticed an ogre
  2753 | D:5      | Noticed a phantom
  2754 | D:5      | Reached XP level 5. HP: 15/45 MP: 5/5
  2757 | D:5      | Killed an ogre
  2758 | D:5      | Killed Edmund
  2759 | D:5      | Reached XP level 6. HP: 12/51 MP: 6/6
  2968 | D:5      | Reached skill level 10 in Axes
  2968 | D:5      | Reached XP level 7. HP: 28/57 MP: 7/7
  3548 | D:5      | Found a staircase to the Ecumenical Temple.
  3722 | D:6      | Reached XP level 8. HP: 64/64 MP: 8/8
  3771 | D:6      | Reached * piety under the Shining One
  4041 | D:6      | Identified the +8 dagger of Responsibility {elec, Drain
                  | Will+++ Dex-2 SInv}
  4701 | D:7      | Reached XP level 9. HP: 50/70 MP: 6/9
  4731 | D:7      | Reached skill level 15 in Axes
  4793 | D:7      | Found a hazy altar of Hepliaklqana.
  4830 | D:7      | Noticed Maggie
  4843 | D:7      | Killed Maggie
  4873 | D:7      | Reached skill level 1 in Invocations
  4961 | D:7      | Reached skill level 2 in Invocations
  5005 | D:7      | Noticed Joseph
  5016 | D:7      | Killed Joseph
  5017 | D:7      | Reached skill level 3 in Invocations
  5097 | D:7      | Found a faded altar of an unknown god.
  5097 | D:7      | Found a sacrificial altar of Ru.
  5235 | D:7      | Found a faded altar of an unknown god.
  5245 | D:7      | Reached skill level 5 in Fighting
  5245 | D:7      | Found a blossoming altar of Fedhas.
  5247 | D:7      | Found a snail-covered altar of Cheibriados.
  5335 | D:8      | Noticed Psyche
  5341 | D:8      | Killed Psyche
  5342 | D:8      | Reached XP level 10. HP: 50/81 MP: 8/12
  5352 | D:7      | Reached skill level 4 in Invocations
  5386 | D:8      | Reached skill level 5 in Armour
  5389 | D:8      | Reached skill level 5 in Shields
  5519 | D:8      | Reached ** piety under the Shining One
  5558 | D:8      | Reached skill level 5 in Invocations
  5729 | D:8      | Noticed Grum
  5743 | D:8      | Killed Grum
  6569 | D:9      | Reached skill level 6 in Invocations
  6662 | D:9      | Paralysed by a hornet for 3 turns
  6670 | D:9      | Paralysed by a hornet for 3 turns
  7019 | D:10     | Entered Level 10 of the Dungeon
  7090 | D:10     | Noticed a cyclops
  7102 | D:10     | Killed a cyclops
  7164 | D:10     | Reached XP level 11. HP: 91/92 MP: 16/16
  7451 | D:10     | Reached skill level 7 in Invocations
  7479 | D:10     | Found Qoses's Antique Weapon Boutique.
  7938 | D:11     | Found a staircase to the Lair.
  8007 | D:11     | Found Rujoisch's Armour Boutique.
  8031 | D:11     | Noticed a two-headed ogre
  8037 | D:11     | Killed a two-headed ogre
  8157 | D:11     | Noticed a manticore
  8164 | D:11     | Killed a manticore
  8184 | D:11     | Reached skill level 8 in Invocations
  8186 | D:11     | Noticed a two-headed ogre
  8187 | D:11     | Noticed a wolf spider
  8363 | D:11     | Killed a two-headed ogre
  8395 | D:11     | Found a hazy altar of Hepliaklqana.
  8404 | D:11     | Killed a wolf spider
  8725 | D:11     | Noticed a two-headed ogre
  8731 | D:11     | Killed a two-headed ogre
  8775 | D:12     | Reached skill level 9 in Invocations
  8829 | D:12     | Reached *** piety under the Shining One
  8836 | D:12     | Noticed a cyclops
  8846 | D:12     | Killed a cyclops
  8847 | D:12     | Reached XP level 12. HP: 72/105 MP: 17/19
  8960 | D:12     | Found a portal to a secret trove of treasure.
  9007 | D:12     | Reached skill level 10 in Fighting
  9007 | D:12     | Reached skill level 10 in Invocations
  9144 | D:12     | Noticed a two-headed ogre
  9157 | D:12     | Killed a two-headed ogre
  9280 | D:12     | Found a staircase to the Orcish Mines.
  9422 | Orc:1    | Entered Level 1 of the Orcish Mines
  9428 | Orc:1    | Noticed Snorg
  9429 | Orc:1    | Reached **** piety under the Shining One
  9505 | Orc:1    | Killed Snorg
  9734 | Orc:2    | Entered Level 2 of the Orcish Mines
  9734 | Orc:2    | Found a staircase to the Elven Halls.
 10020 | Orc:2    | Noticed an orc high priest
 10031 | Orc:2    | Killed an orc high priest
 10032 | Orc:2    | Reached skill level 11 in Invocations
 10034 | Orc:2    | Noticed an orc high priest
 10035 | Orc:2    | Reached skill level 10 in Armour
 10036 | Orc:2    | Noticed an orc high priest
 10039 | Orc:2    | Killed an orc high priest
 10050 | Orc:2    | Killed an orc high priest
 10055 | Orc:2    | Noticed an orc high priest
 10060 | Orc:2    | Noticed a soul eater
 10061 | Orc:2    | Found Onue's Antique Armour Shop.
 10061 | Orc:2    | Found Zalon's Magic Scroll Shop.
 10061 | Orc:2    | Noticed a sun demon
 10064 | Orc:2    | Reached XP level 13. HP: 40/116 MP: 21/21
 10065 | Orc:2    | Found Toetemm's General Store.
 10132 | Orc:2    | Found Hiras's Weapon Boutique.
 10175 | Orc:2    | Found Sist's Jewellery Boutique.
 10178 | Orc:2    | Bought the ring of Mys Vuimn {rElec rC+ Will+ Slay+4 SInv}
                  | for 938 gold pieces
 10625 | Orc:1    | Found a roughly hewn altar of Beogh.
 10921 | D:13     | Reached skill level 12 in Invocations
 11039 | D:13     | Reached ***** piety under the Shining One
 11845 | Lair:1   | Entered Level 1 of the Lair of Beasts
 12538 | Lair:2   | Reached skill level 13 in Invocations
 12544 | Lair:2   | Noticed Erica
 12560 | Lair:2   | Killed Erica
 12728 | Lair:2   | Reached XP level 14. HP: 127/127 MP: 23/23
 13195 | Lair:2   | Found a staircase to the Snake Pit.
 13391 | Orc:2    | Bought a crude plate armour for 812 gold pieces
 13391 | Orc:2    | Identified the +5 plate armour "Jiyxtemy" {Str+4} (You
                  | bought it in a shop on level 2 of the Orcish Mines)
 13391 | Orc:2    | Bought a pair of runed boots for 217 gold pieces
 13418 | Orc:2    | Bought a +0 broad axe for 72 gold pieces
 13664 | Lair:3   | Reached skill level 1 in Throwing
 13871 | Lair:3   | You fall into a shaft and drop 2 floors!
 13871 | Lair:5   | Entered Level 5 of the Lair of Beasts
 14160 | Lair:4   | Reached skill level 14 in Invocations
 14793 | Lair:3   | Found a staircase to the Swamp.
 14921 | Lair:4   | Identified the +6 battleaxe "Aguhi" {antimagic, rN+ Str+3
                  | Dex+3}
 15881 | Lair:5   | Found a staircase to the Slime Pits.
 15881 | Lair:5   | Found a viscous altar of Jiyva.
 16259 | Lair:5   | Reached XP level 15. HP: 132/138 MP: 26/26
 16717 | Lair:5   | Reached skill level 15 in Invocations
 16980 | Lair:5   | Reached skill level 5 in Throwing
 17518 | D:11     | Bought the +0 helmet of the Moon {Drain +Blink Int-5 Dex+4}
                  | for 162 gold pieces
 17661 | D:14     | Identified the +2 robe of the Zebrataur {Contam Str+5
                  | Int+3}
 17859 | D:14     | Reached ****** piety under the Shining One
 18201 | D:14     | Noticed Rupert
 18210 | D:14     | Killed Rupert
 18282 | D:14     | Found a sacrificial altar of Ru.
 18350 | D:14     | Identified the +1 flail of Lurom {freeze, Will+ Str+2 Int+6
                  | Dex-3}
 18413 | D:14     | Found a gate to the Vaults.
 18420 | D:14     | Reached skill level 15 in Fighting
 18713 | D:15     | Entered Level 15 of the Dungeon
 18716 | D:15     | Noticed Josephine
 18721 | D:15     | Killed Josephine
 19055 | Snake:1  | Entered Level 1 of the Snake Pit
 19307 | Snake:1  | Found a snail-covered altar of Cheibriados.
 19323 | Snake:1  | Found Devogg's Weapon Boutique.
 19363 | Snake:1  | Identified the serpent talisman of Deuciefo {rPois Dex+3
                  | SInv Stlth-}
 19363 | Snake:1  | Noticed Aizul
 19381 | Snake:1  | Killed Aizul
 19382 | Snake:1  | Reached skill level 16 in Invocations
 19382 | Snake:1  | Reached XP level 16. HP: 49/149 MP: 17/28
 19385 | Snake:1  | Reached skill level 10 in Shields
 20046 | Snake:2  | Noticed Nikola
 20061 | Snake:2  | Killed Nikola
 20252 | Snake:2  | Identified the +0 broad axe of Destiny {freeze, Will+ Str+4
                  | Int-3}
 20409 | Snake:2  | Noticed Frances
 20423 | Snake:2  | Killed Frances
 20448 | Snake:2  | Found Siock's Book Shop.
 20451 | Snake:2  | Found Cionimp's Armour Boutique.
 20457 | Snake:2  | Found Viutu's Jewellery Shop.
 21289 | Snake:3  | Found Koetzic's Jewellery Emporium.
 21289 | Snake:3  | Found Loskuhes's Book Boutique.
 21292 | Snake:3  | Found Nifiowk's Book Boutique.
 21296 | Snake:3  | Identified the +0 falchion "Z" {drain, rCorr Dex-4 SInv}
 21344 | Snake:3  | Identified the maw talisman of the Ditch-Digger {Dex+7}
 21480 | Snake:3  | Noticed a nagaraja
 21493 | Snake:3  | Killed a nagaraja
 21554 | Snake:3  | Identified the +0 robe of the Kappa {Harm rC+ Int+2 Dex+3}
 21631 | Snake:3  | Reached skill level 17 in Invocations
 21891 | Snake:3  | Found a runed translucent gate.
 21891 | Snake:3  | Found a runed translucent gate.
 21891 | Snake:3  | Found an opulent altar of Gozag.
 21891 | Snake:3  | Found a runed translucent gate.
 21892 | Snake:3  | Noticed Qualigex's ghost (adept HOFi)
 21894 | Snake:3  | Found Cozirch's Assorted Antiques.
 21894 | Snake:3  | Found Umenull's Assorted Antiques.
 21894 | Snake:3  | Noticed a nagaraja
 22147 | Snake:3  | Killed Qualigex's ghost
 22176 | Snake:3  | Killed a nagaraja
 22177 | Snake:3  | Reached skill level 15 in Armour
 22177 | Snake:3  | Reached XP level 17. HP: 156/158 MP: 19/29
 22282 | Snake:3  | Bought the ring of Bepegg {rPois rF+ rN+ Stlth+} for 738
                  | gold pieces
 22313 | Snake:4  | Entered Level 4 of the Snake Pit
 23524 | Snake:4  | Got a serpentine rune of Zot
 23547 | Snake:4  | Reached skill level 18 in Invocations
 23862 | Swamp:1  | Entered Level 1 of the Swamp
 24476 | Swamp:2  | Reached XP level 18. HP: 159/170 MP: 31/31
 24725 | Swamp:2  | Identified the +0 ring mail of Cheibriados's Pride {-Tele
                  | Harm rElec rPois}
 25759 | Swamp:3  | Identified the +0 leather armour of the Maze {rN+ Slay+2}
 25936 | Swamp:4  | Entered Level 4 of the Swamp
 25956 | Swamp:4  | Noticed Mlioglotl
 26257 | Swamp:4  | Reached skill level 10 in Throwing
 26369 | Swamp:4  | Killed Mlioglotl
 26374 | Swamp:4  | Reached skill level 19 in Invocations
 26777 | Swamp:4  | Identified the +5 orcbow "Leviticus" {heavy, MP+9 Str+2}
 26817 | Swamp:4  | Got a decaying rune of Zot
 27482 | D:15     | Reached XP level 19. HP: 179/179 MP: 32/32
 27494 | D:15     | Found a staircase to the Depths.
 28092 | Vaults:1 | Entered Level 1 of the Vaults
 28430 | Vaults:1 | Found Juch's Magic Scroll Emporium.
 28473 | Vaults:1 | Identified the +8 rapier "Pegefow" {vamp, Fly rElec Str+5}
 28600 | Vaults:1 | Identified the +0 scale mail "Bouc" {rElec Regen+ MP-9
                  | Int+8}
 29327 | Snake:2  | Bought an amulet of reflection for 330 gold pieces
 30078 | Vaults:2 | Identified the of Ulum
 30095 | Vaults:2 | Reached skill level 20 in Invocations
 30502 | Vaults:2 | Noticed a bone dragon
 30523 | Vaults:2 | Killed a bone dragon
 30524 | Vaults:2 | Found a staircase to the Crypt.
 30684 | Vaults:2 | Reached XP level 20. HP: 174/191 MP: 34/34
 30878 | Vaults:2 | Reached skill level 15 in Shields
 31004 | Vaults:2 | Found the +10 zealot's sword {holy, Zealotry, *Rage rN+
                  | EV+3}
 32378 | Vaults:3 | Reached skill level 21 in Invocations
 33205 | Snake:2  | Bought the ring of Xom's Malicious Joy {*Corrode rElec
                  | Will+++ EV+5 Str+3} for 865 gold pieces
 34622 | Vaults:4 | Noticed an ancient lich
 34624 | Vaults:4 | Killed an ancient lich
 34627 | Vaults:4 | Reached XP level 21. HP: 188/197 MP: 26/35
 35264 | Vaults:1 | Bought a scroll of enchant weapon for 157 gold pieces
 35460 | Orc:2    | Bought a scroll of blinking for 97 gold pieces
 36040 | Vaults:5 | Identified the of Miobijeij
 36040 | Vaults:5 | Entered Level 5 of the Vaults
 36457 | Vaults:4 | Reached skill level 22 in Invocations
 36859 | Vaults:5 | Identified the +6 hand axe "Namont" {speed, Str+4}
 37784 | Vaults:5 | Reached XP level 22. HP: 185/213 MP: 37/37
 37925 | Vaults:5 | Noticed a golden dragon
 37933 | Vaults:5 | Killed a golden dragon
 37935 | Vaults:5 | Found Xeguatu's Distillery.
 38303 | Vaults:5 | Found Oracw's Antique Armour Shoppe.
 38974 | Vaults:5 | Noticed a golden dragon
 38981 | Vaults:5 | Reached skill level 23 in Invocations
 38987 | Vaults:5 | Killed a golden dragon
 39268 | Vaults:5 | Found Mahytsux's General Store.
 39281 | Vaults:5 | Got a silver rune of Zot
 39520 | Vaults:5 | Bought a pair of spiked gloves for 408 gold pieces
 39520 | Vaults:5 | Identified the +0 pair of gloves "Ideat" {rF- rC- Regen+
                  | Str+5} (You bought it in a shop on level 5 of the Vaults)
 39520 | Vaults:5 | Bought a smoking chain mail for 408 gold pieces
 39520 | Vaults:5 | Identified the +0 chain mail "Kulu Coe" {+Blink Will+
                  | Str+4} (You bought it in a shop on level 5 of the Vaults)
 39743 | Depths:1 | Entered Level 1 of the Depths
 40108 | Depths:2 | Found a one-way gate leading to the halls of Pandemonium.
 40228 | Depths:2 | Noticed Xavori's ghost (master DjCK)
 40232 | Depths:2 | Found a runed translucent door.
 40517 | Depths:2 | Found a one-way gateway to a ziggurat.
 41134 | Depths:2 | Identified the +10 spear of Causality {speed, Str+3}
 41345 | Depths:2 | Found a gateway to Hell.
 41373 | Depths:2 | Identified the +0 scale mail "Wynuic" {rPois rN+ Dex+2}
 41616 | Depths:1 | Reached XP level 23. HP: 153/223 MP: 25/38
 42329 | Depths:1 | Reached skill level 24 in Invocations
 43438 | Elf:1    | Identified the "Aptatuc"
 43438 | Elf:1    | Entered Level 1 of the Elven Halls
 43767 | Elf:1    | Found Ogusiw's Book Shop.
 44004 | Elf:1    | Found Pighukae's Antique Armour Emporium.
 44013 | Elf:1    | Bought a pair of runed gloves for 240 gold pieces
 44146 | Elf:1    | Found Leis's Jewellery Boutique.
 44214 | Elf:1    | Found Plog's Weapon Shoppe.
 44496 | Elf:1    | Found a runed translucent door.
 44720 | Elf:2    | Paralysed by an air elemental for 1 turns
 45166 | Elf:2    | Found Tiufeq's Assorted Antiques.
 45197 | Elf:2    | Bought a runed hat for 252 gold pieces
 45365 | Elf:2    | Found a huge runed translucent gate.
 45365 | Elf:2    | Found a huge runed translucent gate.
 45376 | Elf:2    | Found a huge runed translucent gate.
 45570 | Elf:2    | Found a huge runed translucent gate.
 45570 | Elf:2    | Found a huge runed translucent gate.
 46381 | Depths:3 | Found a transporter.
 46585 | Depths:3 | Found the +3 greatsling "Punk" {acid, rCorr}
 46644 | Depths:3 | Noticed a dread lich
 46647 | Depths:3 | Found a transporter.
 46846 | Depths:3 | Noticed a juggernaut
 46846 | Depths:3 | a juggernaut changed into a rockslime
 46847 | Depths:3 | Identified the +1 robe of the Distant Future {rCorr}
 46855 | Depths:3 | Found a one-way gate to the infinite horrors of the Abyss.
 46908 | Depths:3 | Identified the +8 dagger "Yfuson" {elec, Will+ Str+3 Dex+5}
 46947 | Depths:3 | Identified the +0 robe of Astian {+Blink rElec rF+ rC-}
 46964 | Depths:3 | Found a shadowy altar of Dithmenos.
 47051 | Depths:3 | Noticed Louise
 47058 | Depths:3 | Killed Louise
 47266 | Depths:3 | Noticed Dordric's ghost (adept GrFi)
 47292 | Depths:4 | Entered Level 4 of the Depths
 47308 | Depths:4 | Found a stormy altar of Qazlal.
 47348 | Depths:4 | Reached XP level 24. HP: 187/235 MP: 39/39
 47693 | Depths:4 | Noticed the Enchantress
 47716 | Depths:4 | Reached skill level 25 in Invocations
 47717 | Depths:4 | Killed the Enchantress
 48927 | Depths:4 | Found a gate to the Realm of Zot.
 49414 | Orc:2    | Bought a scroll of blinking for 97 gold pieces
 49414 | Orc:2    | Bought a scroll of fear for 52 gold pieces
 49723 | Vaults:5 | Bought a potion of heal wounds for 65 gold pieces
 49723 | Vaults:5 | Bought a potion of curing for 39 gold pieces
 50159 | Snake:3  | Bought a potion of heal wounds for 205 gold pieces
 50159 | Snake:3  | Bought a potion of cancellation for 328 gold pieces
 50530 | Vaults:1 | Bought a scroll of teleportation for 63 gold pieces
 50530 | Vaults:1 | Bought 3 scrolls of teleportation for 189 gold pieces
 50530 | Vaults:1 | Bought a scroll of revelation for 157 gold pieces
 50530 | Vaults:1 | Bought a scroll of teleportation for 63 gold pieces
 50710 | Depths:2 | Killed Xavori's ghost
 51004 | Elf:3    | Identified the of Naminir
 51004 | Zot:1    | Entered Level 1 of the Realm of Zot
 51045 | Zot:2    | Identified the "Myrour Ynut"
 51633 | Zot:4    | Noticed a curse toe
 51917 | Zot:4    | Noticed a Killer Klown
 51930 | Zot:4    | Killed a Killer Klown
 51936 | Zot:4    | Identified the amulet "Otixiep" {Spirit *Slow Str+5 Dex+4}
 52762 | Zot:5    | Entered Level 5 of the Realm of Zot
 52835 | Zot:5    | Reached skill level 26 in Invocations
 52835 | Zot:5    | Reached XP level 25. HP: 239/247 MP: 39/40
 53313 | Zot:5    | Noticed an ancient lich
 53360 | Zot:5    | Killed an ancient lich
 53404 | Zot:5    | Noticed a Killer Klown
 53404 | Zot:5    | a Killer Klown changed into a shard shrike
 53404 | Zot:5    | Noticed a shard shrike
 53443 | Zot:5    | Killed a shard shrike
 53446 | Zot:5    | Noticed a Killer Klown
 53490 | Zot:5    | Killed a Killer Klown
 53880 | Zot:5    | Noticed an orb of fire
 53888 | Zot:5    | Noticed an orb of fire
 53890 | Zot:5    | Gained mutation: You are occasionally teleported next to
                  | monsters. [an orb of fire]
 53893 | Zot:5    | Gained mutation: You occasionally shout uncontrollably at
                  | your foes. [an orb of fire]
 53895 | Zot:5    | Gained mutation: Your magical capacity is low. (-10% MP)
                  | [an orb of fire]
 53896 | Zot:5    | Noticed an orb of fire
 53896 | Zot:5    | Gained mutation: Your spells are a little easier to cast,
                  | but a little less powerful. [an orb of fire]
 53897 | Zot:5    | Gained mutation: Armour fits poorly on your strangely
                  | shaped body. [an orb of fire]
 53898 | Zot:5    | Gained mutation: Your magical capacity is very low. (-20%
                  | MP) [an orb of fire]
 53901 | Zot:5    | Killed an orb of fire
 53902 | Zot:5    | Killed an orb of fire
 53904 | Zot:5    | HP: 5/247 [orb of fire/fireball (23)]
 54082 | Zot:4    | Lost mutation: You are occasionally teleported next to
                  | monsters. [potion of mutation]
 54082 | Zot:4    | Lost mutation: You occasionally shout uncontrollably at
                  | your foes. [potion of mutation]
 54082 | Zot:4    | Gained mutation: You have supernaturally acute eyesight.
                  | (SInv) [potion of mutation]
 54082 | Zot:4    | Gained mutation: You have a pair of small horns on your
                  | head. [potion of mutation]
 54083 | Zot:4    | Lost mutation: You have a pair of small horns on your head.
                  | [potion of mutation]
 54083 | Zot:4    | Lost mutation: Your spells are a little easier to cast, but
                  | a little less powerful. [potion of mutation]
 54083 | Zot:4    | Lost mutation: You have supernaturally acute eyesight.
                  | (SInv) [potion of mutation]
 54083 | Zot:4    | Gained mutation: You occasionally lose the ability to read
                  | scrolls when taking damage. [potion of mutation]
 54084 | Zot:4    | Lost mutation: Armour fits poorly on your strangely shaped
                  | body. [potion of mutation]
 54084 | Zot:4    | Lost mutation: You occasionally lose the ability to read
                  | scrolls when taking damage. [potion of mutation]
 54084 | Zot:4    | Gained mutation: You are somewhat resistant to further
                  | mutation. [potion of mutation]
 54429 | Zot:5    | Killed an orb of fire
 54665 | Zot:5    | Noticed a dread lich
 54683 | Zot:5    | Killed a dread lich
 54785 | Zot:5    | Noticed an ancient lich
 54805 | Zot:5    | Killed an ancient lich
 54858 | Zot:5    | Noticed an ancient lich
 54882 | Zot:5    | Killed an ancient lich
 54992 | Zot:5    | Got the Orb of Zot
 55009 | Zot:5    | Noticed Supial the pandemonium lord
 55234 | Depths:4 | Noticed Hakege Votinn the pandemonium lord
 55245 | Depths:4 | Noticed a juggernaut
 55327 | Depths:1 | HP: 11/249 [Ice Fiend/bolt of cold (22)]
 55331 | Depths:1 | The Shining One protects you from harm!
 55492 | Depths:2 | Noticed Boifi the pandemonium lord
 55603 | D:13     | Noticed Hainas the pandemonium lord
 55951 | D:$      | Escaped with the Orb!

Illustrated notes

Levels and vault maps discovered:
D:1:      amcnicky_arrival_blooded_trapdoor, layout_loops_corners,
          solitary_fountain
D:2:      minmay_kobold_bridge, layout_basic, basic_altar, serial_shops,
          nicolae_book_shop_shelving
D:3:      layout_basic, mainiacjoe_overflow_big_doors,
          mainiacjoe_overflow_brackets, lemuel_crystal_altar, serial_shops,
          shop, st_stairs_12
D:4:      layout_rooms
D:5:      layout_cave_pools, temple_doors_e, uniq_edmund
D:6:      layout_basic
D:7:      layout_rooms, old_standard_altar, chequers_temple_overflow_minitemple,
          minmay_misc_feat_ornament, uniq_joseph, uniq_maggie
D:8:      layout_loops_ring, uniq_psyche, uniq_grum
D:9:      layout_loops_ring
D:10:     layout_basic, serial_shops, nicolae_shop_dealshenge
D:11:     layout_gridville, david_lair_generic, serial_shops,
          nicolae_shop_just_a_little_nook, serial_bayou_pond_d,
          minmay_ruined_shrine
D:12:     layout_basic, kennysheep_orc_monster_closet_entryway, enter_trove_1
D:13:     layout_long_grid
D:14:     layout_basic, grunt_vaults_entry_tiered, serial_undead,
          serial_undead_e, serial_undead_e, serial_undead_d, serial_undead_d,
          hangedman_ru_absence, uniq_rupert
D:15:     hangedman_depths_entry_try_elsewhere_first, layout_rooms,
          portal_ice_cave_entry_ice_simulacra, chequers_serial_rivers_room_a,
          uniq_josephine
Lair:1:   layout_cave_shapes
Lair:2:   layout_regular_city, nicolae_snake_entry_warm_welcome,
          chequers_serial_rivers_room_b, beast_lair_carwin_6, uniq_erica
Lair:3:   layout_regular_city, nicolae_swamp_entry_splash_gauntlet
Lair:4:   layout_small_grid, grunt_megastairs_5, lemuel_fruit_tree
Lair:5:   evilmike_catoblepas_cave, layout_cave_shapes,
          nicolae_slime_entry_slimehenge, columned_hall_lemuel
Swamp:1:  layout_basic_swamp, nicolae_swamp_fairy_circle, swamp_pool_5,
          hangedman_swamp_cone
Swamp:2:  layout_basic_swamp, serial_swamp_ruin, evilmike_swamp_ruin_house_2,
          evilmike_swamp_ruin_house_3, swamp_pool_5
Swamp:3:  layout_basic_swamp, hangedman_swamp_lotus
Swamp:4:  swamp_alternative, layout_basic_swamp, swamp_pool_5, uniq_mlioglotl
Snake:1:  layout_onion_interference, basic_altar, serial_shops, shop,
          serial_bayou_shore_b, serial_bayou_shore_a, uniq_aizul
Snake:2:  layout_cave_pods, minmay_shop_star, nicolae_triple_integral,
          uniq_nikola, uniq_frances
Snake:3:  layout_basic, ebering_ghost_gozag, minmay_shop_grove
Snake:4:  grunt_snake_rune_pools, layout_cave_town
Orc:1:    layout_caves, basic_altar, uniq_snorg
Orc:2:    st_orc_mages, layout_diamond_mine, serial_shops,
          nicolae_shop_tiny_real_fake_doors
Elf:1:    nicolae_elf_arrival_no_cutting_in_line, layout_onion_city,
          serial_shops, shop, nicolae_shop_pleasant_corner_grove,
          nicolae_diamond_shop, nicolae_shop_window_shopping,
          minmay_elf_demonology, nicolae_danse_macabre
Elf:2:    elven_hall_of_blades_hangedman_alternative
          [nicolae_blade_entry_pointy_end], layout_geoelf_grid, serial_shops,
          nicolae_shop_advertising_works [nicolae_subvault_shop_adworks]
Vaults:1: ontoclasm_vaults_ring_square, nicolae_vaults_doubleplus_tesselated,
          vaults_room_pools, v_misc_13, nicolae_vaults_windows_and_doors_thing,
          nicolae_vaults_more_shelving_1, nicolae_vaults_security_offices_5,
          serial_ice_m, ontoclasm_vaults_decontamination, hangedman_vaults_trim,
          layout_vaults_big_room, serial_shops, shop
Vaults:2: nicolae_vaults_tangram_1, vaults_mumra_hexcomb,
          vaults_room_semicircle, nicolae_vaults_diamond_2,
          minmay_crypt_entry_nasty_monster, nicolae_vaults_network_square,
          hangedman_vaults_slice, nicolae_vaults_octothorpe,
          nicolae_vaults_closet_pinwheel_4,
          nicolae_vaults_shipping_containers_5, nicolae_vaults_stepped_doors,
          nicolae_vaults_house_3, ontoclasm_vaults_eye,
          layout_vaults_maze_snakey
Vaults:3: dpeg_vaults_waves, nicolae_vaults_network_s,
          vaults_mumra_minichess_inversion, ontoclasm_vaults_tryst, v_misc_15,
          nicolae_vaults_door_testing_chamber, vaults_room_fours,
          hangedman_vaults_variations, nicolae_vaults_trapezoid_2,
          ontoclasm_vaults_shuriken, v_alt_pattern_6, vaults_room_grid,
          vaults_room_stairs_pillars, nicolae_vaults_house_2, layout_vaults_ring
Vaults:4: vaults_room_fours, v_pattern_3, dpeg_vaults_monster_row,
          nicolae_vaults_tetromino_L_2, nicolae_vaults_trapezoid_lopsided_2,
          vaults_room_grunt_arrival_ludios, nicolae_vaults_asterisk,
          nicolae_vaults_diagonal_hallway_8,
          nicolae_vaults_trapezoid_lopsided_2, v_misc_23, layout_vaults_omnigrid
Vaults:5: serial_shops
Depths:1: layout_cave_pools, grunt_hell_horde, minmay_hedge_maze, pan_entry,
          hangedman_cracks_in_the_wall
Depths:2: hourglass_vault, layout_long_grid, enter_ziggurat_f,
          infiniplex_staircase_hallway_doors, hellmonk_ghost_happy_afterlife,
          mu_enter_wizlab_1, grunt_hell_entry_dis_old, rand_demon_pan_entry_8
Depths:3: minmay_shrinking_squares, layout_long_grid,
          grunt_dithmenos_smoke_and_mirrors, gammafunk_ghost_abyssal_escape,
          nicolae_abyss_entry_one_way_or_another, hell_entry,
          minmay_staircase_bubble, uniq_margery
Depths:4: grunt_zot_entry_hairpin, layout_cave_pools,
          nicolae_qazlal_eye_of_the_storm, hellmouth_1, drop_trap,
          uniq_enchantress
Zot:1:    layout_misc_corridors, grunt_megastairs_2, uniq_vv
Zot:2:    layout_twisted_circle, regret_index_zotdec_banners
Zot:3:    layout_onion_interference, st_single_dragon_hoard_3,
          regret_index_zotdec_serpentine_coiled
Zot:4:    hangedman_zot_vaults_quadrants, layout_cathedral_of_symmetry,
          grunt_ministairs_1, lemuel_baited_zot_trap
Zot:5:    layout_twisted_circle, grunt_ministairs_1, door_vault

Skill      XL: |  1  2  3  4  5  6  7  8  9 10 11 12 13 14 15 16 17 18 19 20 21 22 23 24 25 |
---------------+----------------------------------------------------------------------------+-----
Axes           | 3 4 5 6 8 10 11 14 16 17 18 19 | 19.4
Invocations    | 3 6 9 11 13 14 16 17 18 19 20 21 22 23 24 26 | 26.9
Fighting       | 5 7 9 11 12 14 15 16 17 18 19 20 21 22 23 24 25 | 25.2
Armour         | 4 6 8 10 11 12 14 15 16 17 18 19 20 21 22 23 | 23.4
Shields        | 4 6 8 9 11 12 13 14 16 17 18 19 20 21 | 21.6
Throwing       | 4 6 7 9 10 11 12 | 12.0

Action                     |  1- 3 |  4- 6 |  7- 9 | 10-12 | 13-15 | 16-18 | 19-21 | 22-24 | 25-27 || total
---------------------------+-------+-------+-------+-------+-------+-------+-------+-------+-------++-------
  Melee: War axe           |   102 |    80 |    95 |       |       |       |       |       |       ||   277
         Hand axe          |       |       |   110 |   122 |       |       |       |       |       ||   232
         Battleaxe         |       |       |       |   238 |   205 |       |       |       |       ||   443
         Broad axe         |       |       |       |       |   562 |   896 |   853 |  1482 |   367 ||  4160
  Throw: Dart              |       |    21 |       |       |   234 |     6 |     6 |   128 |    16 ||   411
         Boomerang         |       |       |    60 |   124 |    75 |   359 |   219 |       |       ||   837
         Javelin           |       |       |       |       |       |    57 |    77 |    43 |     6 ||   183
 Invoke: Divine Shield     |       |       |     2 |    12 |    10 |     5 |     5 |    20 |     9 ||    63
         Summon Divine War |       |       |       |       |     1 |     4 |       |     4 |     6 ||    15
         Cleansing Flame   |       |       |       |       |       |       |     8 |     5 |    14 ||    27
Ability: Evoke Blink       |       |       |       |       |       |     1 |       |       |       ||     1
  Evoke: Wand              |       |       |       |       |     4 |       |       |   134 |     1 ||   139
         Sack of spiders   |       |       |       |       |       |     1 |       |       |       ||     1
    Use: Scroll            |       |     3 |    10 |     5 |    12 |     7 |     9 |    19 |    16 ||    81
         Potion            |       |     2 |     1 |     2 |     2 |     8 |     3 |     3 |    34 ||    55
 Armour: Scale mail        |    66 |    53 |   112 |   352 |   171 |       |       |       |       ||   754
         Plate armour      |       |       |       |       |   453 |  1060 |   529 |   519 |       ||  2561
         Chain mail        |       |       |       |       |       |       |       |    74 |       ||    74
         Gold dragon scale |       |       |       |       |       |       |       |   228 |   230 ||   458
  Dodge: Dodged            |    42 |    30 |    68 |   165 |   159 |   231 |   130 |   318 |    65 ||  1208
  Block: Buckler           |    18 |    14 |    41 |    30 |       |       |       |       |       ||   103
         Other             |       |       |       |    57 |    25 |       |       |       |       ||    82
         Kite shield       |       |       |       |       |   312 |   292 |       |       |       ||   604
         Tower shield      |       |       |       |       |       |   569 |   874 |  1802 |   481 ||  3726
         Reflection        |       |       |       |       |       |       |    55 |    59 |    13 ||   127

Table legend: (Time is in decaauts)
 A = Elapsed time spent in this place.
 B = Non-inter-level travel time spent in this place.
 C = Inter-level travel time spent in this place.
 D = Time resting spent in this place.
 E = Time spent auto-exploring this place.
 F = Levels seen in this place.
 G = Mean time per level.
                   A        B        C        D        E       F      G
               +--------+--------+--------+--------+--------+-----+--------+
         Total |  55183 |  47409 |   7774 |      5 |  35884 |  46 | 1199.6 |
       Dungeon |  15291 |  12061 |   3230 |      0 |   9634 |  15 | 1019.4 |
          Lair |   5842 |   4897 |    945 |      0 |   3901 |   5 | 1168.4 |
         Swamp |   3435 |   3249 |    186 |      0 |   2351 |   4 |  858.8 |
     Snake Pit |   5275 |   4351 |    924 |      0 |   3261 |   4 | 1318.8 |
  Orcish Mines |   1559 |   1186 |    373 |      0 |    911 |   2 |  779.5 |
   Elven Halls |   2699 |   2482 |    217 |      0 |   1909 |   2 | 1349.5 |
        Vaults |  10100 |   8700 |   1400 |      0 |   6989 |   5 | 2020.0 |
        Depths |   7027 |   6577 |    450 |      0 |   5117 |   4 | 1756.8 |
           Zot |   3951 |   3906 |     45 |      5 |   1809 |   5 |  790.2 |
               +--------+--------+--------+--------+--------+-----+--------+

Top non-repeatable levels by time:
Depths:2: 2766 daAuts
Vaults:4: 2741 daAuts
Vaults:5: 2362 daAuts
Depths:4: 1971 daAuts
Vaults:3: 1946 daAuts
    D:14: 1851 daAuts
    D:13: 1825 daAuts
   Zot:5: 1728 daAuts
Vaults:1: 1687 daAuts
    D:11: 1583 daAuts
  Lair:5: 1578 daAuts
   Zot:4: 1536 daAuts
 Snake:2: 1495 daAuts
   Elf:2: 1429 daAuts
 Snake:4: 1419 daAuts
